 Dungeon Crawl Stone Soup version 0.32-a0-768-g0f6f1dd4b9 (webtiles) character file.

Game seed: 6893915854137197907

315 Dirtsage the Slasher (level 6, -2/47 HPs)
             Began as a Demonspawn Monk on Mar 18, 2024.
             Slain by a kobold brigand
             ... wielding a +0 whip
              (8 damage)
             ... on level 4 of the Dungeon.
             The game lasted 00:06:17 (2827 turns).

Dirtsage the Slasher (Demonspawn Monk)              Turns: 2827, Time: 00:06:17

Health: -2/47      AC:  3    Str: 11    XL:     6   Next: 20%
Magic:  6/6        EV: 14    Int: 11    God:
Gold:   183        SH:  0    Dex: 17    Spells: 5/5 levels left

rFire   . . .        a - +0 falchion
rCold   . . .        d - orb {light}
rNeg    . . .        b - +0 robe
rPois   .            (no helmet)
rElec   .            (no cloak)
rCorr   .            (no gloves)
SInv    .            f - +0 pair of boots
Will    .....        (no amulet)
Stlth   +            (no ring)
HPRegen 0.27/turn    (no ring)
MPRegen 0.10/turn

%: no passive effects
@: slowed, glowing, very slow
A: repulsion field 1
a: no special abilities


You were on level 4 of the Dungeon.
You visited 1 branch of the dungeon, and saw 4 of its levels.
You also visited: Sewer.

You collected 183 gold pieces.

Inventory:

Hand Weapons
 a - a +0 falchion (weapon)
 k - a +5 dagger
 m - a +2 rapier of draining
Armour
 b - a +0 robe (worn)
 d - an orb of light (worn)
 f - a +0 pair of boots (worn)
Scrolls
 n - a scroll of fog
 o - a scroll of enchant weapon
 t - a scroll of teleportation
Potions
 c - a potion of ambrosia
 e - a potion of cancellation
 l - a potion of berserk rage


   Skills:
 - Level 3.0 Fighting
 + Level 6.4 Long Blades
 - Level 2.6 Dodging


You had 5 spell levels left.
You didn't know any spells.
Your spell library contained the following spells:

 Spells                   Type           Power      Damage    Failure   Level
 Freeze                   Ice            0%         1d3       34%         1
 Shock                    Conj/Air       0%         1d3       34%         1
 Summon Small Mammal      Summ           0%         N/A       34%         1
 Ensorcelled Hibernation  Hex/Ice        0%         N/A       47%         2
 Call Canine Familiar     Summ           0%         N/A       71%         3
 Frozen Ramparts          Ice            0%         1d1       71%         3
 Hailstorm                Conj/Ice       0%         3d5       71%         3
 Passwall                 Erth           0%         N/A       71%         3
 Swiftness                Air            0%         N/A       71%         3
 Airstrike                Air            0%         2d(0-16)  98%         4
 Summon Blazeheart Golem  Fire/Summ      0%         N/A       98%         4


Dungeon Overview and Level Annotations

Branches:
Dungeon (4/15)              Sewer (visited)
 Temple: D:4-7

Altars:
Cheibriados
Dithmenos
Hepliaklqana
Qazlal
Xom


Innate Abilities, Weirdness & Mutations

You are surrounded by a mild repulsion field. (EV +2)


Message History

The kobold brigand misses you.
The kobold brigand hits you with a +0 whip!
* * * LOW HITPOINT WARNING * * *
You take 10 damage, and have 10/47 hp.
MASSIVE DAMAGE!!
You hit the kobold brigand.
The kobold brigand is moderately wounded.
* * * LOW HITPOINT WARNING * * *
You feel very sick. The kobold brigand barely misses you.
You take 3 damage, and have 7/47 hp.
You feel better. The quokka barely misses you.
The kobold brigand hits you with a +0 whip.
* * * LOW HITPOINT WARNING * * *
The quokka barely misses you.
The kobold brigand hits you with a +0 whip.
* * * LOW HITPOINT WARNING * * *
You regained 2 hp, and now have 9/47 hp.
You slash the kobold brigand!
The kobold brigand is severely wounded.
The quokka bites you.
* * * LOW HITPOINT WARNING * * *
The kobold brigand closely misses you. The quokka misses you.
You take 1 damage, and have 8/47 hp.
You hit the kobold brigand but do no damage.
The kobold brigand is severely wounded.
The kobold brigand misses you. The quokka completely misses you.
The kobold brigand hits you with a +0 whip.
* * * LOW HITPOINT WARNING * * *
The quokka barely misses you.
You take 5 damage, and have 3/47 hp.
You feel better. The quokka misses you.
The kobold brigand hits you with a +0 whip!
* * * LOW HITPOINT WARNING * * *
You regained 3 hp, and now have 6/47 hp.
You hit the kobold brigand.
The kobold brigand is severely wounded.
The quokka bites you but does no damage.
The kobold brigand barely misses you. The quokka barely misses you.
The kobold brigand hits you with a +0 whip!
You die...

..K......
#.......##
###.#....?.#
##...#.......
#............
##............
#.........J...
.#....rK.......
........@.......
........†.......
........<.......
...........#....
#....##........#
#.#.. ####.##...
#. .. .# # P.# #
..#


You could see a kobold brigand, an endoplasm and a quokka.

Vanquished Creatures
  A crocodile (Sewer)
  A phantom (D:3)
  A brain worm (Sewer)
  An adder (D:2)
  3 ribbon worms (D:3)
  3 dart slugs
  7 orcs (D:3)
  3 endoplasms
  6 giant cockroaches
  A hobgoblin (D:2)
  2 jackals (D:1)
  6 kobolds
  2 quokkas
  6 ball pythons
  10 bats
  2 frilled lizards (D:2)
  3 goblins
  5 rats
63 creatures vanquished.

Notes
Turn   | Place    | Note
-------+----------+-------------------------------------------
     0 | D:1      | Dirtsage the Demonspawn Monk began the quest for the Orb.
     0 | D:1      | Reached XP level 1. HP: 18/18 MP: 1/1
   283 | D:1      | Found a faded altar of an unknown god.
   298 | D:1      | Reached skill level 3 in Long Blades
   429 | D:1      | Gained mutation: You are surrounded by a mild repulsion
                  | field. (EV +2) [demonic ancestry]
   429 | D:1      | Reached XP level 2. HP: 24/24 MP: 2/2
  1012 | D:2      | Reached XP level 3. HP: 29/29 MP: 3/3
  1095 | D:2      | Reached skill level 4 in Long Blades
  1650 | D:3      | Noticed a phantom
  1663 | D:3      | Killed a phantom
  1664 | D:3      | Reached skill level 5 in Long Blades
  1664 | D:3      | Reached XP level 4. HP: 27/35 MP: 4/4
  1823 | D:3      | Reached XP level 5. HP: 34/41 MP: 5/5
  1843 | D:3      | Found a snail-covered altar of Cheibriados.
  1857 | D:3      | Found a shadowy altar of Dithmenos.
  2039 | D:3      | Found a glowing drain.
  2045 | Sewer    | Entered a sewer
  2178 | Sewer    | Noticed a crocodile
  2195 | Sewer    | Killed a crocodile
  2196 | Sewer    | Reached skill level 6 in Long Blades
  2196 | Sewer    | Reached XP level 6. HP: 37/47 MP: 6/6
  2468 | D:3      | Found a shimmering altar of Xom.
  2543 | D:3      | Found a stormy altar of Qazlal.
  2544 | D:3      | Found a hazy altar of Hepliaklqana.
  2827 | D:4      | Slain by a kobold brigand

Illustrated notes

Levels and vault maps discovered:
D:1:      co_arrival_random_square_maze, layout_loops_ring,
          hellmonk_ecumenical_altar_arch_garden, serial_forest,
          infiniplex_forest_zigzag_1, infiniplex_forest_clump_medium,
          infiniplex_forest_lined_room_3, infiniplex_forest_lined_2,
          infiniplex_forest_lined_4_way, infiniplex_forest_clump_tiny,
          infiniplex_forest_straight_2
D:2:      layout_basic
D:3:      layout_basic, grunt_dithmenos_smoke_and_mirrors, cheibriados_altar_1,
          lemuel_coloured_pillars_altar, gammafunk_temple_overflow_claw,
          mainiacjoe_sewer_entry_somewhere_in_here_2, minmay_liquid_box
D:4:      layout_cave_pools, elyvilon_altar_1

Skill      XL: |  1  2  3  4  5 |
---------------+----------------+-----
Long Blades    | 3 5 6 |  6.4
Fighting       | |  3.0
Dodging        | |  2.6

Action                     |  1- 3 |  4- 6 || total
---------------------------+-------+-------++-------
  Melee: Falchion          |    74 |    26 ||   100
         Dagger            |    23 |    88 ||   111
    Use: Potion            |       |     4 ||     4
         Scroll            |       |     6 ||     6
 Armour: Robe              |    39 |    59 ||    98
         Skin              |       |    19 ||    19
  Dodge: Dodged            |    67 |    79 ||   146

Table legend: (Time is in decaauts)
 A = Elapsed time spent in this place.
 B = Non-inter-level travel time spent in this place.
 C = Inter-level travel time spent in this place.
 D = Time resting spent in this place.
 E = Time spent auto-exploring this place.
 F = Levels seen in this place.
 G = Mean time per level.
                   A        B        C        D        E       F      G
               +--------+--------+--------+--------+--------+-----+--------+
         Total |   2837 |   2515 |    322 |    116 |   1937 |   5 |  567.4 |
       Dungeon |   2563 |   2241 |    322 |      0 |   1838 |   4 |  640.8 |
         Sewer |    274 |    274 |      0 |    116 |     99 |   1 |  274.0 |
               +--------+--------+--------+--------+--------+-----+--------+

Top non-repeatable levels by time:
     D:3: 994 daAuts
     D:1: 825 daAuts
     D:2: 711 daAuts
   Sewer: 274 daAuts
     D:4: 32 daAuts
